 Dungeon Crawl Stone Soup version 0.29.0-4-gdea44cf6ec (webtiles) character file.

Game seed: 6239029267157972955

37 qw the Caller (level 3, -3/29 HPs)
             Began as a Ghoul Summoner on Sept 10, 2022.
             Slain by a hobgoblin (6 damage)
             ... led by Robin
             ... on level 1 of the Dungeon.
             The game lasted 00:00:35 (1831 turns).

qw the Caller (Ghoul Summoner)                      Turns: 1831, Time: 00:00:36

Health: -3/29      AC:  8    Str: 13    XL:     3   Next: 41%
Magic:  4/4        EV:  5    Int: 10    God:
Gold:   59         SH:  0    Dex:  9    Spells: 4/5 levels left

rFire   . . .      SeeInvis .   Y - +0 hand axe
rCold   + . .      Faith    .   (no shield)
rNeg    + + +      Spirit   .   g - +0 chain mail
rPois   inf        Reflect  .   (no helmet)
rElec   .          Harm     .   (no cloak)
rCorr   .          Rampage  .   (no gloves)
Will    .....                   (no boots)
Stlth   ..........              (no amulet)
HPRegen 0.00/turn               (no ring)
MPRegen 0.09/turn               (no ring)

@: inhibited regen
A: claws 1, cold resistance 1, negative energy resistance 3, inhibited
regeneration, torment resistance 2, devour on kill
a: no special abilities


You were on level 1 of the Dungeon.
You visited 1 branch of the dungeon, and saw 2 of its levels.

You collected 59 gold pieces.


Innate Abilities, Weirdness & Mutations

You are immune to poison.
You have sharp fingernails.
Your flesh is cold resistant. (rC+)
You are immune to negative energy. (rN+++)
You do not regenerate when monsters are visible.
You are immune to unholy pain and torment.
You thrive by killing the living.


   Skills:
 + Level 1.9 Fighting
 - Level 2.0 Axes
 - Level 1.7 Dodging
 - Level 2.1 Stealth
 - Level 1.7 Spellcasting
 - Level 3.6 Summonings


You had 4 spell levels left.
You knew the following spells:

 Your Spells              Type           Power      Damage    Failure   Level
a - Summon Small Mammal   Summ           32%        N/A       95%         1

Your spell library contained the following spells:

 Spells                   Type           Power      Damage    Failure   Level
 Call Imp                 Summ           8%         N/A       99%         2
 Call Canine Familiar     Summ           8%         N/A       100%        3
 Summon Guardian Golem    Hex/Summ       4%         N/A       100%        3
 Summon Lightning Spire   Summ/Air       4%         N/A       100%        4

Inventory:

Hand Weapons
 i - a +0 flail
 Y - a +0 hand axe (weapon)
Armour
 g - a +0 chain mail (worn)
Potions
 d - a potion of heal wounds {unknown}
 f - a potion of curing {unknown}

Dungeon Overview and Level Annotations

Branches:
Dungeon (2/15)

Altars:

Shops:
D:1 *

Annotations:
D:2 Robin


Message History

The hobgoblin barely misses you. The adder bites you but does no damage.
The goblin hits you but does no damage. The goblin hits you with a +0 dagger.
The hobgoblin hits you. The goblin hits you but does no damage.
You climb upwards.
There is a stone staircase leading down here.
You miss the adder. You hit the hobgoblin.
You hit the hobgoblin but do no damage. You closely miss the goblin.
You barely miss the goblin. The adder bites you but does no damage.
The goblin hits you with a +0 club. The goblin barely misses you.
The hobgoblin barely misses you. The hobgoblin hits you.
The adder completely misses you.
You hit the hobgoblin.
You kill the hobgoblin!
You feel better.
You hit the hobgoblin but do no damage. You hit the goblin but do no damage.
You barely miss the adder. You closely miss the goblin.
The goblin hits you but does no damage. x2
The hobgoblin hits you but does no damage.
The adder bites you.
You barely miss the adder. You barely miss the goblin.
You closely miss the hobgoblin. You closely miss the goblin.
The adder bites you but does no damage. The goblin hits you with a +0 club.
The goblin hits you but does no damage.
The hobgoblin hits you but does no damage.
The adder bites you but does no damage. The hobgoblin hits you.
The goblin hits you with a +0 club.
You hit the adder.
The adder is lightly wounded.
You hit the hobgoblin but do no damage. You closely miss the goblin.
You barely miss the goblin. The adder bites you but does no damage.
The goblin hits you with a +0 club. The goblin hits you but does no damage.
The hobgoblin hits you but does no damage.
You closely miss the adder.
The adder is lightly wounded.
You closely miss the goblin. x2; You hit the hobgoblin.
You closely miss the goblin. The adder bites you but does no damage.
The goblin hits you with a +0 club. The goblin hits you but does no damage.
The hobgoblin hits you.
You die...

...........#.##..##.##.....#
.8..8.8..8.#..#..##.##.#####
...........#..#..##.##.#
...........#.....##.##.#
...........#.#.........#
...........#.#...##.##.#########
...........#...................#
.....<.......##gg#..#..######.##
...........#...g@Sg.#..# #.#
...........#.###g#.##..# #.#
...........#.# #.#.##..# #.#
...........#.# #.#.##..# #(#
...........#.# #.#.##..# #.#
.8..8.8..8.#.################.#
...........#.##P...## ##P.PP#.#
........:..#..#.PP..###PPPPP#.##
.8..8.8..8.#..)..P..._.PPPPP+..#


You could see an adder, a hobgoblin (strong) and 4 goblins.

Vanquished Creatures
  A dart slug (D:1)
  A ball python (D:1)
  A bat (D:1)
  2 endoplasms (D:1)
  4 goblins (D:1)
  3 hobgoblins (D:1)
  2 kobolds (D:1)
  A quokka (D:1)
  A frilled lizard (D:1)
  3 rats (D:1)
19 creatures vanquished.

Vanquished Creatures (collateral kills)
  3 ball pythons (D:1)
  2 endoplasms (D:1)
  3 goblins (D:1)
  A bat (D:1)
  3 rats (D:1)
12 creatures vanquished.

Grand Total: 31 creatures vanquished

Notes
Turn   | Place    | Note
-------+----------+-------------------------------------------
     0 | D:1      | qw the Ghoul Summoner began the quest for the Orb.
     0 | D:1      | Reached XP level 1. HP: 14/14 MP: 2/2
     0 | D:1      | 0 ||| qw: Version: 0.1-a-116-g5d60599
     0 | D:1      | 0 ||| qw: Game counter: 7427
     0 | D:1      | 0 ||| qw: Always use a shield: true
     0 | D:1      | 0 ||| qw: God list: Okawaru
     0 | D:1      | 0 ||| qw: Allow faded altars: false
     0 | D:1      | 0 ||| qw: Do Orc after D:15 true
     0 | D:1      | 0 ||| qw: Do second Lair branch before Depths: true
     0 | D:1      | 0 ||| qw: Lair rune preference: random
     0 | D:1      | 0 ||| qw: Plans: Normal
     0 | D:1      | 0 ||| PLANNING D:1-11
    26 | D:1      | 26 ||| CASTING Summon Small Mammal
    27 | D:1      | 27 ||| CASTING Summon Small Mammal
    64 | D:1      | 64 ||| CASTING Summon Small Mammal
    65 | D:1      | 65 ||| CASTING Summon Small Mammal
    93 | D:1      | 93 ||| Wielding weapon +0 hand axe.
    96 | D:1      | 96 ||| Stepping ~*~*~tactically~*~*~ (hiding).
   198 | D:1      | 198 ||| Stepping ~*~*~tactically~*~*~ (hiding).
   300 | D:1      | 300 ||| Stepping ~*~*~tactically~*~*~ (hiding).
   306 | D:1      | 306 ||| CASTING Summon Small Mammal
   307 | D:1      | 307 ||| CASTING Summon Small Mammal
   313 | D:1      | Reached skill level 1 in Axes
   335 | D:1      | 335 ||| CASTING Summon Small Mammal
   336 | D:1      | 336 ||| CASTING Summon Small Mammal
   348 | D:1      | Reached XP level 2. HP: 22/22 MP: 1/3
   380 | D:1      | 380 ||| CASTING Summon Small Mammal
   381 | D:1      | 381 ||| CASTING Summon Small Mammal
   383 | D:1      | 383 ||| CASTING Summon Small Mammal
   419 | D:1      | 419 ||| CASTING Summon Small Mammal
   420 | D:1      | 420 ||| CASTING Summon Small Mammal
   421 | D:1      | 421 ||| CASTING Summon Small Mammal
   434 | D:1      | Reached skill level 1 in Fighting
   471 | D:1      | 471 ||| CASTING Summon Small Mammal
   475 | D:1      | 475 ||| Stepping ~*~*~tactically~*~*~ (stealth).
   476 | D:1      | 476 ||| CASTING Summon Small Mammal
   477 | D:1      | 477 ||| CASTING Summon Small Mammal
   522 | D:1      | 522 ||| CASTING Summon Small Mammal
   523 | D:1      | 523 ||| CASTING Summon Small Mammal
   524 | D:1      | 524 ||| CASTING Summon Small Mammal
   572 | D:1      | Found Roytok's Assorted Antiques.
   576 | D:1      | 576 ||| SHOPLISTING blue potion (24 gold, have 20).
   576 | D:1      | 576 ||| SHOPLISTING cloak (121 gold, have 20).
   576 | D:1      | 576 ||| SHOPLISTING dented emerald amulet (135 gold, have
                  | 20).
   576 | D:1      | 576 ||| SHOPLISTING pair of gloves (121 gold, have 20).
   576 | D:1      | 576 ||| SHOPLISTING ring mail (108 gold, have 20).
   576 | D:1      | 576 ||| SHOPLISTING scroll labelled JEGEYGR TAURE (27 gold,
                  | have 20).
   576 | D:1      | 576 ||| SHOPLISTING scroll labelled OLATSISUNKE (27 gold,
                  | have 20).
   635 | D:1      | 635 ||| CASTING Summon Small Mammal
   636 | D:1      | 636 ||| CASTING Summon Small Mammal
   637 | D:1      | 637 ||| CASTING Summon Small Mammal
   724 | D:1      | 724 ||| CASTING Summon Small Mammal
   725 | D:1      | 725 ||| CASTING Summon Small Mammal
   759 | D:1      | 759 ||| CASTING Summon Small Mammal
   760 | D:1      | 760 ||| CASTING Summon Small Mammal
   761 | D:1      | 761 ||| CASTING Summon Small Mammal
   803 | D:1      | 803 ||| CASTING Summon Small Mammal
   804 | D:1      | 804 ||| CASTING Summon Small Mammal
   805 | D:1      | 805 ||| CASTING Summon Small Mammal
   850 | D:1      | 850 ||| CASTING Summon Small Mammal
   851 | D:1      | 851 ||| CASTING Summon Small Mammal
   852 | D:1      | 852 ||| CASTING Summon Small Mammal
   901 | D:1      | 901 ||| CASTING Summon Small Mammal
   902 | D:1      | 902 ||| CASTING Summon Small Mammal
   903 | D:1      | 903 ||| CASTING Summon Small Mammal
   938 | D:1      | 938 ||| DROPPING +0 club.
   943 | D:1      | 943 ||| CASTING Summon Small Mammal
   944 | D:1      | 944 ||| CASTING Summon Small Mammal
   945 | D:1      | 945 ||| CASTING Summon Small Mammal
  1078 | D:1      | 1078 ||| CASTING Summon Small Mammal
  1079 | D:1      | 1079 ||| CASTING Summon Small Mammal
  1080 | D:1      | 1080 ||| CASTING Summon Small Mammal
  1085 | D:1      | Reached XP level 3. HP: 28/28 MP: 0/4
  1148 | D:1      | 1148 ||| CASTING Summon Small Mammal
  1149 | D:1      | 1149 ||| CASTING Summon Small Mammal
  1150 | D:1      | 1150 ||| CASTING Summon Small Mammal
  1152 | D:1      | 1152 ||| CASTING Summon Small Mammal
  1217 | D:1      | 1217 ||| CASTING Summon Small Mammal
  1218 | D:1      | 1218 ||| CASTING Summon Small Mammal
  1219 | D:1      | 1219 ||| CASTING Summon Small Mammal
  1267 | D:1      | 1267 ||| CASTING Summon Small Mammal
  1268 | D:1      | 1268 ||| CASTING Summon Small Mammal
  1269 | D:1      | 1269 ||| CASTING Summon Small Mammal
  1270 | D:1      | 1270 ||| CASTING Summon Small Mammal
  1346 | D:1      | 1346 ||| Stepping ~*~*~tactically~*~*~ (stealth).
  1347 | D:1      | 1347 ||| CASTING Summon Small Mammal
  1348 | D:1      | 1348 ||| CASTING Summon Small Mammal
  1349 | D:1      | 1349 ||| CASTING Summon Small Mammal
  1350 | D:1      | 1350 ||| CASTING Summon Small Mammal
  1553 | D:1      | 1553 ||| CASTING Summon Small Mammal
  1554 | D:1      | 1554 ||| CASTING Summon Small Mammal
  1555 | D:1      | 1555 ||| CASTING Summon Small Mammal
  1556 | D:1      | 1556 ||| CASTING Summon Small Mammal
  1597 | D:1      | Found a faded altar of an unknown god.
  1669 | D:1      | 1669 ||| CASTING Summon Small Mammal
  1670 | D:1      | 1670 ||| CASTING Summon Small Mammal
  1671 | D:1      | 1671 ||| CASTING Summon Small Mammal
  1755 | D:1      | 1755 ||| UPGRADING to +0 chain mail.
  1765 | D:1      | 1765 ||| DROPPING +0 robe.
  1766 | D:1      | 1766 ||| READING scroll labelled YCU UCHOOHIEPS.
  1767 | D:1      | 1767 ||| READING scroll labelled XAQOXU IDAESI.
  1768 | D:1      | 1768 ||| DROPPING potion of magic.
  1815 | D:2      | Noticed Robin
  1816 | D:2      | 1816 ||| STAIRDANCE
  1825 | D:2      | 1825 ||| STAIRDANCE
  1831 | D:1      | HP: 3/29 [goblin/+0 club[Robin] (6)]
  1831 | D:1      | Slain by a hobgoblin

Levels and vault maps discovered:
D:1:      giann_forest_graveyard, layout_basic, serial_shops,
          nicolae_shop_stone, shapermc_ecumenical_altar_flowoftime
D:2:      layout_rooms, uniq_natasha, uniq_robin

Skill      XL: |  1  2 |
---------------+-------+-----
Axes           | 1 2 |  2.0
Fighting       | 1 |  1.9
Dodging        | |  1.7
Stealth        | |  2.1
Spellcasting   | |  1.7
Summonings     | |  3.6

Action                   || total
-------------------------++-------
Melee: Hand axe          ||    51
       Unarmed           ||     3
 Cast: Summon Small Mamm ||    61
  Use: Scroll            ||     2
 Stab: Distracted        ||     2
Armor: Robe              ||     2
       Chain mail        ||    23
Dodge: Dodged            ||    35

Table legend:
 A = Non-vault XP
 B = Vault XP
 C = Vault XP percentage of total XP
 D = Non-vault monster count
 E = Vault monster count
 F = Vault count percentage of total count
                 A         B        C        D         E       F
            +---------+---------+-------+---------+---------+-------
      Total |      48 |       6 |  11.1 |      28 |       3 |   9.7
            +---------+---------+-------+---------+---------+-------
        D:1 |      48 |       6 |  11.1 |      28 |       3 |   9.7
            +---------+---------+-------+---------+---------+-------
